MID
WEST VIRGINIA POWER @ AUGUSTA GREENJACKETS
09/12/2048
 
TOP OF THE 1ST
West Virginia Power batting - Pitching for Augusta GreenJackets : LHP Hector Jimenez
Pitching: LHP Hector Jimenez
Batting: RHB Terrence Wilson 0-0: Ball
1-0: Called Strike
1-1: Ball
2-1: Foul Ball, location: 2F
2-2: Strikes out looking
Batting: LHB Joe Wise 0-0: Ball
1-0: Ball
2-0: Ball
3-0: Called Strike
3-1: Ground out 6-3 (Groundball, 6, EV 88.1 MPH)
Batting: RHB Jeff Edwards 0-0: Ball
1-0: Ball
2-0: Fly out, F8 (Flyball, 8RD, EV 94.4 MPH)
Top of the 1st over - 0 runs, 0 hits, 0 errors, 0 left on base; West Virginia 0 - Augusta 0
BOTTOM OF THE 1ST
Augusta GreenJackets batting - Pitching for West Virginia Power : RHP Fred McIlrath
Pitching: RHP Fred McIlrath
Batting: RHB Mario Mendoza 0-0: Swinging Strike
0-1: Swinging Strike
0-2: Ball
1-2: Strikes out looking
Batting: RHB David Bibian 0-0: Ball
1-0: Ball
2-0: Ball
3-0: Called Strike
3-1: Base on Balls
Batting: RHB Troy Trice 0-0: Called Strike
0-1: Ball
1-1: Swinging Strike
1-2: Ball
2-2: Ball
David Bibian steals 2nd base
3-2: Foul Ball, location: 2F
3-2: Foul Ball, location: 2F
3-2: Strikes out swinging
Batting: LHB Oscar Tamayo 0-0: Called Strike
0-1: Swinging Strike
0-2: DOUBLE (Flyball, 78XD, EV 106.2 MPH)
David Bibian scores
Batting: RHB Tony Harper 0-0: Fly out, F8 (Flyball, 8RM, EV 94.4 MPH)
Bottom of the 1st over - 1 run, 1 hit, 0 errors, 1 left on base; West Virginia 0 - Augusta 1
TOP OF THE 2ND
West Virginia Power batting - Pitching for Augusta GreenJackets : LHP Hector Jimenez
Batting: LHB Josh Aerni 0-0: Ball
1-0: Foul Ball, location: 2F
1-1: Fly out, F8 (Flyball, 8LD, EV 102.5 MPH)
Batting: RHB Jaime Dubicki 0-0: Ball
1-0: Ball
2-0: Foul Ball, location: 2F
2-1: Ball
3-1: Ground out 4-3 (Groundball, 34D, EV 107.5 MPH)
Batting: RHB Tim Moore 0-0: Ball
1-0: Ball
2-0: Fly out, F8 (Flyball, 8LD, EV 89.4 MPH)
Top of the 2nd over - 0 runs, 0 hits, 0 errors, 0 left on base; West Virginia 0 - Augusta 1
BOTTOM OF THE 2ND
Augusta GreenJackets batting - Pitching for West Virginia Power : RHP Fred McIlrath
Batting: RHB Ryan Bentz 0-0: Foul Ball, location: 2F
0-1: Ball
1-1: Foul Ball, location: 2F
1-2: Ball
2-2: Strikes out swinging
Batting: RHB Josh Truell 0-0: Ball
1-0: Swinging Strike
1-1: Called Strike
1-2: Foul Ball, location: 2F
1-2: SINGLE (Flyball, 6MD, EV 84.4 MPH)
Batting: LHB Emilio Ortez 0-0: Fielders Choice at 2nd, 4-6 (Groundball, 4M, EV 78.8 MPH)
Batting: LHB Shane Cruse 0-0: Called Strike
0-1: Fly out, F7 (Flyball, 7, EV 86.2 MPH)
Bottom of the 2nd over - 0 runs, 1 hit, 0 errors, 1 left on base; West Virginia 0 - Augusta 1
TOP OF THE 3RD
West Virginia Power batting - Pitching for Augusta GreenJackets : LHP Hector Jimenez
Batting: SHB Curtis Thompson 0-0: Swinging Strike
0-1: Ball
1-1: Foul Ball, location: 2F
1-2: Strikes out swinging
Batting: RHB Seung-mun Kim 0-0: Ball
1-0: SINGLE (Line Drive, 9LS, EV 111.2 MPH)
Batting: RHB John DeVillier 0-0: Ball
1-0: Called Strike
1-1: Swinging Strike
1-2: SINGLE (Groundball, 34D, EV 101.9 MPH)
Seung-mun Kim to second
Batting: RHB Terrence Wilson 0-0: Ball
1-0: Fly out, F6 (Line Drive, 6M, EV 68.1 MPH)
Lined into DP, U6 (Line Drive, 6M, EV 68.1 MPH)
Top of the 3rd over - 0 runs, 2 hits, 0 errors, 1 left on base; West Virginia 0 - Augusta 1
BOTTOM OF THE 3RD
Augusta GreenJackets batting - Pitching for West Virginia Power : RHP Fred McIlrath
Batting: RHB Mario Mendoza 0-0: Foul Ball, location: 2F
0-1: Foul Ball, location: 2F
0-2: Ball
1-2: Foul Ball, location: 2F
1-2: Ball
2-2: Foul Ball, location: 2F
2-2: Ground out 5-3 (Groundball, 56S, EV 85.0 MPH)
Batting: RHB David Bibian 0-0: Called Strike
0-1: Ball
1-1: Ball
2-1: Ball
3-1: Fly out, F7 (Flyball, 78D, EV 92.5 MPH)
Batting: RHB Troy Trice 0-0: Ball
1-0: Ball
2-0: Swinging Strike
2-1: Called Strike
2-2: Foul Ball, location: 2F
2-2: Ball
3-2: Strikes out looking
Bottom of the 3rd over - 0 runs, 0 hits, 0 errors, 0 left on base; West Virginia 0 - Augusta 1
TOP OF THE 4TH
West Virginia Power batting - Pitching for Augusta GreenJackets : LHP Hector Jimenez
Batting: LHB Joe Wise 0-0: Ball
1-0: Ground out 5-3 (Groundball, 56, EV 108.1 MPH)
Batting: RHB Jeff Edwards 0-0: Ball
1-0: Called Strike
1-1: Ball
2-1: Foul Ball, location: 2F
2-2: Foul Ball, location: 2F
2-2: SOLO HOME RUN (Flyball, 7LD, EV 96.9 MPH), Distance : 380 ft
Batting: LHB Josh Aerni 0-0: Called Strike
0-1: Ball
1-1: Foul Ball, location: 2F
1-2: Ground out U3 (Groundball, 3, EV 83.8 MPH)
Batting: RHB Jaime Dubicki 0-0: Ball
1-0: Ball
2-0: Ball
3-0: Called Strike
3-1: Swinging Strike
3-2: Foul Ball, location: 2F
3-2: Base on Balls
Batting: RHB Tim Moore 0-0: Ground out 1-3 (Groundball, 15S, EV 70.6 MPH)
Top of the 4th over - 1 run, 1 hit, 0 errors, 1 left on base; West Virginia 1 - Augusta 1
BOTTOM OF THE 4TH
Augusta GreenJackets batting - Pitching for West Virginia Power : RHP Fred McIlrath
Batting: LHB Oscar Tamayo 0-0: SINGLE (Groundball, 4D, EV 106.2 MPH)
Batting: RHB Tony Harper 0-0: Fly out, F8 (Flyball, 8LD, EV 94.4 MPH)
Batting: RHB Ryan Bentz 0-0: Foul Ball, location: 2F
0-1: Ball
1-1: Foul Ball, location: 2F
1-2: Ball
2-2: Strikes out swinging
Batting: RHB Josh Truell 0-0: Called Strike
0-1: Foul Ball, location: 2F
0-2: Foul Ball, location: 2F
0-2: Ball
1-2: Strikes out swinging
Bottom of the 4th over - 0 runs, 1 hit, 0 errors, 1 left on base; West Virginia 1 - Augusta 1
TOP OF THE 5TH
West Virginia Power batting - Pitching for Augusta GreenJackets : LHP Hector Jimenez
Batting: SHB Curtis Thompson 0-0: Ball
1-0: Foul Ball, location: 2F
1-1: Ball
2-1: Foul Ball, location: 2F
2-2: Ball
3-2: DOUBLE (Flyball, 8LXD, EV 108.8 MPH)
Batting: RHB Seung-mun Kim 0-0: Called Strike
0-1: Fly out, F7 (Flyball, 78S, EV 91.9 MPH)
Batting: RHB John DeVillier 0-0: Called Strike
0-1: Ball
1-1: Ball
Wild Pitch!
Curtis Thompson to third
2-1: Ball
3-1: Base on Balls
Batting: RHB Terrence Wilson 0-0: Called Strike
0-1: Ball
1-1: Ball
2-1: Ball
3-1: Base on Balls
John DeVillier to second
Batting: LHB Joe Wise 0-0: Ball
1-0: Foul Ball, location: 2F
1-1: Ball
2-1: Called Strike
2-2: Strikes out swinging
Pitching: RHP Chance Robinson
Batting: RHB Jeff Edwards 0-0: Ball
1-0: SINGLE (Flyball, 56D, EV 88.8 MPH)
Curtis Thompson scores
John DeVillier to third
Terrence Wilson to second
Runner from 3rd tries for Home, SAFE, throw by LF to home
Batting: LHB Josh Aerni 0-0: Ball
1-0: Ball
2-0: Foul Ball, location: 2F
2-1: Swinging Strike
2-2: Ball
3-2: SINGLE (Groundball, 56S, EV 67.5 MPH) (infield hit)
Terrence Wilson to third
Jeff Edwards to second
Batting: RHB Jaime Dubicki 0-0: Ball
1-0: Ball
2-0: SINGLE (Groundball, 56D, EV 103.8 MPH)
Terrence Wilson scores
Jeff Edwards to third
Josh Aerni to second
Batting: RHB Tim Moore 0-0: Ball
1-0: Swinging Strike
1-1: Foul Ball, location: 2F
1-2: Ball
2-2: Strikes out swinging
Top of the 5th over - 3 runs, 4 hits, 0 errors, 3 left on base; West Virginia 4 - Augusta 1
BOTTOM OF THE 5TH
Augusta GreenJackets batting - Pitching for West Virginia Power : RHP Fred McIlrath
Batting: LHB Emilio Ortez 0-0: Swinging Strike
0-1: Ball
1-1: Foul Ball, location: 2F
1-2: Ground out 5-3 (Groundball, 6S, EV 89.4 MPH)
Batting: LHB Shane Cruse 0-0: Ball
1-0: Fly out, F7 (Flyball, 7, EV 81.2 MPH)
Batting: RHB Mario Mendoza 0-0: Called Strike
0-1: Called Strike
0-2: Strikes out swinging
Bottom of the 5th over - 0 runs, 0 hits, 0 errors, 0 left on base; West Virginia 4 - Augusta 1
TOP OF THE 6TH
West Virginia Power batting - Pitching for Augusta GreenJackets : RHP Chance Robinson
Batting: SHB Curtis Thompson 0-0: Ball
1-0: Fly out, F6 (Popup, 6D, EV 46.2 MPH)
Batting: RHB Seung-mun Kim 0-0: Ball
1-0: Ball
2-0: Called Strike
2-1: Called Strike
2-2: Foul Ball, location: 2F
2-2: Foul Ball, location: 2F
2-2: Fly out, F8 (Flyball, 8RM, EV 88.8 MPH)
Batting: RHB John DeVillier 0-0: Ball
1-0: Swinging Strike
1-1: Ball
2-1: Swinging Strike
2-2: Ground out 5-3 (Groundball, 56S, EV 86.2 MPH)
Top of the 6th over - 0 runs, 0 hits, 0 errors, 0 left on base; West Virginia 4 - Augusta 1
BOTTOM OF THE 6TH
Augusta GreenJackets batting - Pitching for West Virginia Power : RHP Fred McIlrath
Batting: RHB David Bibian 0-0: SINGLE (Groundball, 56, EV 108.1 MPH)
Batting: RHB Troy Trice 0-0: Called Strike
David Bibian is caught stealing 2nd base 2-4
0-1: DOUBLE (Line Drive, 9LM, EV 105.6 MPH)
Batting: LHB Oscar Tamayo 0-0: Foul Ball, location: 2F
0-1: Called Strike
0-2: Foul Ball, location: 2F
0-2: Foul Ball, location: 2F
0-2: Ball
1-2: Ball
2-2: Ground out 4-3 (Groundball, 4, EV 99.4 MPH)
Troy Trice to third
Batting: RHB Tony Harper 0-0: Ball
1-0: Fly out, F4 (Popup, 4, EV 70.6 MPH)
Bottom of the 6th over - 0 runs, 2 hits, 0 errors, 1 left on base; West Virginia 4 - Augusta 1
TOP OF THE 7TH
West Virginia Power batting - Pitching for Augusta GreenJackets : RHP Chance Robinson
Pitching: RHP Nick McDade
Batting: RHB Terrence Wilson 0-0: Swinging Strike
0-1: Ball
1-1: Foul Ball, location: 2F
1-2: Ball
2-2: Foul Ball, location: 2F
2-2: Strikes out looking
Batting: LHB Joe Wise 0-0: Ball
1-0: Ground out U3 (Groundball, 3, EV 93.8 MPH)
Batting: RHB Jeff Edwards 0-0: SINGLE (Line Drive, 78S, EV 92.5 MPH)
Batting: LHB Josh Aerni 0-0: Called Strike
0-1: Ball
1-1: Swinging Strike
1-2: Fielders Choice at 2nd, 6-4 (Groundball, 56, EV 83.1 MPH)
Top of the 7th over - 0 runs, 1 hit, 0 errors, 1 left on base; West Virginia 4 - Augusta 1
BOTTOM OF THE 7TH
Augusta GreenJackets batting - Pitching for West Virginia Power : RHP Fred McIlrath
Batting: RHB Ryan Bentz 0-0: Called Strike
0-1: Called Strike
0-2: Foul Ball, location: 2F
0-2: Ball
1-2: Strikes out swinging
Batting: RHB Josh Truell 0-0: Called Strike
0-1: Ball
1-1: Ball
2-1: Ball
3-1: SINGLE (Groundball, 56D, EV 101.2 MPH)
Batting: LHB Emilio Ortez 0-0: Ball
1-0: Foul Ball, location: 2F
1-1: DOUBLE (Line Drive, 78D, EV 107.5 MPH)
Josh Truell to third
Runner from 3rd tries for Home, SAFE, throw by LF to trailing runner, SAFE at third!
Batting: LHB Shane Cruse 0-0: Called Strike
0-1: Ball
1-1: Called Strike
1-2: Strikes out swinging
Pitching: RHP Jeff Crescimanno
Batting: RHB Mario Mendoza 0-0: Ball
1-0: Ball
2-0: Called Strike
2-1: Swinging Strike
2-2: Ball
3-2: Foul Ball, location: 2F
3-2: Foul Ball, location: 2F
3-2: Base on Balls
Batting: RHB David Bibian 0-0: Called Strike
0-1: Ball
1-1: Swinging Strike
1-2: Strikes out looking
Bottom of the 7th over - 1 run, 2 hits, 0 errors, 2 left on base; West Virginia 4 - Augusta 2
TOP OF THE 8TH
West Virginia Power batting - Pitching for Augusta GreenJackets : RHP Nick McDade
Pitching: RHP Hiroaki Yazawa
Batting: RHB Jaime Dubicki 0-0: SINGLE (Line Drive, 89M, EV 88.1 MPH)
Batting: RHB Tim Moore 0-0: Foul Ball, location: 2F
0-1: Ball
1-1: Foul Ball, location: 2F
1-2: Foul Ball, location: 2F
1-2: Ball
2-2: Ball
Wild Pitch!
Jaime Dubicki to second
3-2: Foul Ball, location: 2F
3-2: Strikes out looking
Batting: SHB Curtis Thompson 0-0: Ball
1-0: Called Strike
1-1: Swinging Strike
1-2: Strikes out looking
Batting: RHB Seung-mun Kim 0-0: Ball
1-0: Ground out 2-3 (Groundball, 15S, EV 69.4 MPH)
Top of the 8th over - 0 runs, 1 hit, 0 errors, 1 left on base; West Virginia 4 - Augusta 2
BOTTOM OF THE 8TH
Augusta GreenJackets batting - Pitching for West Virginia Power : RHP Jeff Crescimanno
Now in RF: Tom Tate
Batting: RHB Troy Trice 0-0: Called Strike
0-1: Ball
1-1: Called Strike
1-2: Fly out, F7 (Flyball, 7D, EV 105.0 MPH)
Batting: LHB Oscar Tamayo 0-0: Fly out, F7 (Flyball, 7, EV 75.6 MPH)
Batting: RHB Tony Harper 0-0: Ball
1-0: Called Strike
1-1: Ball
2-1: Called Strike
2-2: Fly out, F8 (Flyball, 8RM, EV 88.1 MPH)
Bottom of the 8th over - 0 runs, 0 hits, 0 errors, 0 left on base; West Virginia 4 - Augusta 2
TOP OF THE 9TH
West Virginia Power batting - Pitching for Augusta GreenJackets : RHP Hiroaki Yazawa
Pitching: LHP Ricky Coats
Batting: RHB John DeVillier 0-0: Ball
1-0: Foul Ball, location: 2F
1-1: Foul Ball, location: 2F
1-2: Ball
2-2: Ball
3-2: Foul Ball, location: 2F
3-2: Base on Balls
Batting: RHB Terrence Wilson 0-0: Bunted foul
0-1: Ball
1-1: Bunted foul
1-2: Strikes out swinging
Batting: LHB Joe Wise 0-0: Called Strike
0-1: Ball
1-1: Foul Ball, location: 2F
1-2: Foul Ball, location: 2F
1-2: Fly out, F9 (Flyball, 9D, EV 91.9 MPH)
Batting: RHB Jeff Edwards 0-0: Ground out 5-3 (Groundball, 56, EV 101.2 MPH)
Top of the 9th over - 0 runs, 0 hits, 0 errors, 1 left on base; West Virginia 4 - Augusta 2
BOTTOM OF THE 9TH
Augusta GreenJackets batting - Pitching for West Virginia Power : RHP Jeff Crescimanno
Pitching: RHP Joel Olausson
Batting: RHB Ryan Bentz 0-0: Ball
1-0: Swinging Strike
1-1: Ball
2-1: Called Strike
2-2: Foul Ball, location: 2F
2-2: Foul Ball, location: 2F
2-2: Foul Ball, location: 2F
2-2: Ground out 6-3 (Groundball, 6, EV 100.0 MPH)
Batting: RHB Josh Truell 0-0: Called Strike
0-1: Ball
1-1: Swinging Strike
1-2: Ball
2-2: Ball
3-2: Base on Balls
Batting: LHB Emilio Ortez 0-0: Swinging Strike
0-1: Ball
1-1: Foul Ball, location: 2F
1-2: Strikes out swinging
Batting: LHB Shane Cruse 0-0: Ball
1-0: Swinging Strike
1-1: Foul Ball, location: 2F
1-2: Foul Ball, location: 2F
1-2: Strikes out looking
Bottom of the 9th over - 0 runs, 0 hits, 0 errors, 1 left on base; West Virginia 4 - Augusta 2
Tuesday, March 28th , 2023 - OOTP Baseball 23.10 Build 110